 Dungeon Crawl Stone Soup version 0.21.1-1-g345015fe64 (webtiles) character file.

613 Vlyn the Chopper (level 7, -2/81 HPs)
             Began as a Human Berserker on July 20, 2018.
             Was a Priest of Trog.
             Slain by an ogre
             ... wielding a +0 giant spiked club
              (17 damage)
             ... on level 4 of the Dungeon.
             The game lasted 00:23:03 (2746 turns).

Vlyn the Chopper (Human Berserker)                  Turns: 2746, Time: 00:23:03

Health: -2/81      AC: 13    Str: 24    XL:     7   Next: 73%
Magic:  7/7        EV: 12    Int:  7    God:    Trog [***...]
Gold:   189        SH:  5    Dex: 13    Spells: 6/6 levels left

rFire    + . .     SeeInvis .   a - +0 hand axe
rCold    . . .     Gourm    .   p - +1 buckler {rPois}
rNeg     . . .     Faith    .   v - +4 ring mail
rPois    +         Spirit   .   k - +0 helmet
rElec    .         Reflect  .   d - +0 cloak
rCorr    .         Harm     .   w - +0 pair of gloves
MR       ++...                  (no boots)
Stlth    ..........             (no amulet)
HPRegen  1.23/turn              i - ring of protection from fire
MPRegen  0.10/turn              (no ring)

@: berserking, regenerating, very quick
A: no striking features
a: Berserk, Trog's Hand, Burn Spellbooks, Renounce Religion


You were on level 4 of the Dungeon.
You worshipped Trog.
Trog was most pleased with you.
You were very hungry.

You visited 1 branch of the dungeon, and saw 4 of its levels.

You collected 189 gold pieces.

Inventory:

Hand Weapons
 a - a +0 hand axe (weapon)
 o - a +0 hand axe
Armour
 b - a +0 animal skin
 d - a +0 cloak (worn)
 h - a +0 helmet
 k - a +0 helmet (worn)
 p - a +1 buckler of poison resistance (worn)
 v - a +4 ring mail (worn)
 w - a +0 pair of gloves (worn)
Jewellery
 i - a ring of protection from fire (left hand)
Wands
 u - a wand of enslavement (16)
Scrolls
 f - 2 scrolls of teleportation {unknown}
 g - a scroll of magic mapping {unknown}
 j - 2 scrolls of fog {unknown}
 m - a scroll of enchant weapon {unknown}
 n - 3 scrolls of identify {unknown}
 q - a scroll of remove curse {unknown}
 r - a scroll of blinking {unknown}
Potions
 e - 2 potions of flight {unknown}
 l - a potion of brilliance {unknown}
 t - 3 potions of agility {unknown}
Comestibles
 c - 11 rations
 s - a chunk of flesh


   Skills:
 + Level 4.0 Fighting
 + Level 6.4 Axes
 + Level 3.2 Armour
 + Level 3.6 Dodging
 + Level 0.4 Stealth
 + Level 1.2 Shields


You had 6 spell levels left.
You didn't know any spells.

Dungeon Overview and Level Annotations

Branches:
Dungeon (4/15)
 Temple: D:4-7

Altars:
Elyvilon
Fedhas
Hepliaklqana
Nemelex Xobeh
Okawaru
Qazlal
Sif Muna
Vehumet
The Shining One

Annotations:
D:4 Sigmund


Message History

The ogre hits you with a giant spiked club!
Something hits you but does no damage.
You hit the ogre.
The ogre is moderately wounded.
The ogre misses you.
You barely miss the ogre.
The ogre is lightly wounded.
Something hits you but does no damage.
Okay, then.
Your skin crawls.
You feel resistant to hostile enchantments.
You feel somewhat more hungry.
The ogre hits you with a giant spiked club!
* * * LOW HITPOINT WARNING * * *
Something hits you but does no damage.
A red film seems to cover your vision as you go berserk!
You feel yourself moving faster!
You feel mighty!
You are feeling very hungry.
The ogre hits you with a giant spiked club!
You die...

###......# ###.†#)###
.....%)## ####
.####...###...
.....#..##..#
####..#..#.###
...#.........#
#..<..#..##.#######.##
###.#..........@O....#
#...###.......#####...#
#.......##.##..# .
#...###. #...... ...#
## ####.?.. ... ###...
.## #... # .#..


You could see an ogre.

Vanquished Creatures
  A phantom (D:3)
  The ghost of lis82 the Chopper, an amateur GrSk (D:3)
  A scorpion (D:4)
  2 orc priests
  5 orc wizards
  Ijyb (D:2)
  4 gnolls (D:3)
  3 adders (D:2)
  2 oozes (D:3)
  4 worms (D:3)
  4 dart slugs
  2 leopard geckos (D:3)
  10 orcs
  5 bats
  7 giant cockroaches
  13 goblins
  6 hobgoblins
  3 jackals (D:2)
  3 quokkas (D:3)
  A frilled lizard (D:4)
  5 kobolds
  7 rats
90 creatures vanquished.

Notes
Turn   | Place    | Note
-------+----------+-------------------------------------------
     0 | D:1      | Vlyn the Human Berserker began the quest for the Orb.
     0 | D:1      | Reached XP level 1. HP: 18/18 MP: 1/1
   365 | D:1      | Reached XP level 2. HP: 24/24 MP: 2/2
   715 | D:1      | Reached XP level 3. HP: 29/29 MP: 3/3
  1163 | D:2      | Found a blossoming altar of Fedhas.
  1354 | D:2      | Reached XP level 4. HP: 21/35 MP: 4/4
  1355 | D:2      | Reached ** piety under Trog
  1355 | D:2      | Reached skill level 4 in Axes
  1410 | D:2      | Noticed Ijyb
  1440 | D:2      | Killed Ijyb
  1730 | D:3      | Reached XP level 5. HP: 41/41 MP: 5/5
  2049 | D:3      | Noticed a phantom
  2052 | D:3      | Reached skill level 5 in Axes
  2052 | D:3      | Reached XP level 6. HP: 48/48 MP: 6/6
  2063 | D:3      | Killed a phantom
  2136 | D:3      | Noticed lis82's ghost (amateur GrSk)
  2148 | D:3      | Killed lis82's ghost
  2148 | D:3      | Reached skill level 1 in Shields
  2148 | D:3      | Reached XP level 7. HP: 53/53 MP: 7/7
  2290 | D:3      | Found a glowing golden altar of the Shining One.
  2296 | D:3      | Reached skill level 6 in Axes
  2420 | D:3      | Found a stormy altar of Qazlal.
  2423 | D:3      | Found a radiant altar of Vehumet.
  2426 | D:3      | Found a deep blue altar of Sif Muna.
  2427 | D:3      | Found a hazy altar of Hepliaklqana.
  2430 | D:3      | Found an iron altar of Okawaru.
  2431 | D:3      | Found a white marble altar of Elyvilon.
  2432 | D:3      | Found a sparkling altar of Nemelex Xobeh.
  2524 | D:3      | Reached *** piety under Trog
  2739 | D:4      | Noticed Sigmund
  2746 | D:4      | Slain by an ogre

Skill      XL: |  1  2  3  4  5  6  7 |
---------------+----------------------+-----
Axes           | 4 5 6 |  6.4
Dodging        | 3 |  3.6
Shields        | 1 |  1.2
Armour         | 3 |  3.2
Fighting       | 4 |  4.0
Stealth        | |  0.4

Action                   |  1- 3 |  4- 6 |  7- 9 || total
-------------------------+-------+-------+-------++-------
Melee: Hand axe          |   112 |   132 |   130 ||   374
Invok: Berserk           |       |     3 |     1 ||     4
       Trog's Hand       |       |     1 |     2 ||     3
  Eat: Chunk             |     1 |     5 |     4 ||    10
Armor: Animal skin       |    30 |     6 |       ||    36
       Ring mail         |       |    49 |    40 ||    89
Dodge: Dodged            |    70 |    75 |    47 ||   192
Block: Buckler           |     9 |    24 |    21 ||    54
